Map: Vaani Research Station (Void)

Players

Hagakure

  • Race: Terran Terran
  • League: Diamond
  • Spawn Location: 6:00

Musumeci - Winner!

  • Race: Zerg Zerg
  • League: Diamond
  • Spawn Location: 12:00

VOD

Have the link to the VOD?

Description

Time

  • Played on: Jan. 1, 2017, 2:54 p.m.
  • Length: 24:40
Show
View Real Time Build Order
Export as new Build Order

Hagakure Terran 

Build Orders: Reaper Expand, Hellion Banshee 

Get SALT Encoding   

  12  0:02  SCV  
  13  0:14  SCV  
  13  0:19  Supply Depot  
  14  0:26  SCV  
  15  0:40  SCV  
  15  0:41  Barracks  
  16  0:47  Refinery  
  16  0:52  SCV  
  17  1:04  SCV  
  18  1:16  SCV  
  19  1:29  Orbital Command  
  19  1:31  Reaper  
  20  1:49  Command Center  
  20  1:56  Supply Depot  
  20  2:01  Refinery  
  20  2:03  Marine  
  20  2:07  SCV  
  22  2:19  SCV  
  22  2:22  Factory  
  23  2:25  Barracks Reactor  
  23  2:31  SCV  
  23  2:43  SCV  
  24  2:55  SCV  
  25  3:07  SCV  
  25  3:10  Starport  
  26  3:13  Barracks Tech Lab  
  26  3:16  Hellion x2  
  26  3:19  SCV  
  31  3:22  Armory  
  31  3:31  SCV  
  32  3:38  Hellion  
  33  3:43  Hellion  
  33  3:44  SCV  
  33  3:46  Medivac  
  38  3:51  Orbital Command  
  38  3:58  Supply Depot  
  38  3:59  Hellion  
  40  4:06  Hellion  
  43  4:10  SCV  
  43  4:20  Hellion  
  43  4:22  SCV  
  46  4:25  Cloaking Field  
  46  4:26  Banshee  
  46  4:29  Hellion  
  51  4:31  SCV  
  51  4:36  Supply Depot  
  52  4:44  SCV  
  52  4:45  SCV  
  54  5:01  Command Center  
  54  5:02  Hellion  
  56  5:13  Hellion x5  
  50  5:38  SCV x2  
  50  5:39  Banshee  
  50  5:41  Cyclone x2  
  55  5:44  Factory  
  55  5:47  Factory  
  55  5:49  Refinery  
  53  5:50  SCV x2, Refinery  
  55  6:02  SCV x2  
  57  6:13  Cyclone  
  57  6:14  SCV  
  57  6:15  SCV  
  57  6:16  Orbital Command  
  62  6:26  SCV  
  62  6:27  SCV  
  64  6:33  Factory Tech Lab x2, Banshee  
  64  6:38  SCV  
  68  6:45  SCV  
  69  6:51  SCV x2  
  71  6:59  SCV  
  71  7:00  Factory  
  72  7:03  SCV  
  72  7:04  Hellion  
  72  7:05  Hellion  
  72  7:07  Refinery  
  77  7:09  Refinery, Supply Depot x2  
  77  7:10  Supply Depot  
  77  7:20  Engineering Bay  
  77  7:31  SCV x2, Thor x2, Hellion x2  
  95  7:53  Hellion  
  95  7:57  SCV x3  
  100  8:07  Factory Tech Lab  
  100  8:09  SCV  
  101  8:13  Terran Vehicle Weapons Level 1  
  101  8:14  SCV, Hellion x2, Siege Tank  
  109  8:21  Missile Turret  
  109  8:22  Missile Turret  
  109  8:26  Missile Turret x2  
  109  8:38  Supply Depot  
  109  8:39  Supply Depot  
  109  8:42  Armory, Supply Depot  
  109  8:43  Supply Depot  
  109  8:52  SCV, Thor, Supply Depot  
  109  8:53  SCV, Missile Turret  
  117  8:59  Cyclone x2  
  117  9:01  Thor, Cyclone  
  132  9:12  Raven  
  135  9:17  SCV x3  
  135  9:22  Missile Turret  
  137  9:24  Command Center  
  137  9:28  Supply Depot  
  137  9:29  SCV x2  
  139  9:31  Hellion  
  139  9:33  Thor  
  139  9:35  SCV, Thor  
  139  9:36  Starport  
  154  9:41  SCV  
  154  9:44  Hellion  
  157  9:48  Terran Vehicle And Ship Armor Level 1  
  157  9:50  Siege Tank  
  157  9:52  Supply Depot  
  160  9:53  Supply Depot  
  160  10:06  Command Center  
  157  10:27  Siege Tank  
  157  10:28  Hellion x2, Siege Tank x2  
  170  10:49  Hellion  
  172  10:52  Hellion  
  174  10:59  Siege Tank  
  174  11:00  Hellion, Siege Tank  
  182  11:14  Viking  
  184  11:26  Refinery, Missile Turret  
  183  11:32  Refinery  
  183  11:42  Hellion x2, Siege Tank x3  
  196  11:53  Planetary Fortress  
  196  12:04  Terran Vehicle Weapons Level 2  
  196  12:05  Terran Ship Weapons Level 1  
  196  12:12  Starport Reactor  
  196  12:23  SCV, Siege Tank  
  196  12:24  Missile Turret, Command Center  
  196  12:25  Missile Turret, Refinery  
  196  12:27  Missile Turret  
  196  12:28  Refinery  
  200  12:35  SCV x3  
  200  12:36  Hellion x3  
  198  12:41  Siege Tank  
  197  12:47  SCV x2  
  188  12:55  Cyclone  
  188  12:57  Cyclone x2  
  188  12:58  Siege Tank  
  197  13:04  Liberator  
  197  13:05  Liberator x2  
  151  13:13  Hellion  
  156  13:28  Siege Tank  
  156  13:29  Hellion x2  
  143  13:42  Hellion, Siege Tank  
  143  13:47  Liberator  
  143  13:48  Planetary Fortress  
  111  14:11  Hellion, Siege Tank  
  111  14:12  Hellion, Siege Tank  
  111  14:14  Siege Tank  
  100  14:26  Liberator x2  
  100  14:30  Liberator  
  100  14:33  Hellion  
  100  14:34  Hellion  
  101  14:43  Siege Tank  
  101  14:44  Siege Tank  
  113  14:46  Hellion  
  118  14:54  Hellion  
  118  14:55  Hellion  
  122  15:04  Command Center  
  122  15:07  Siege Tank  
  122  15:09  Liberator  
  125  15:15  Siege Tank  
  125  15:16  Hellion  
  125  15:17  Hellion x2  
  112  15:41  Hellion x2, Siege Tank  
  115  15:47  Siege Tank  
  118  15:51  Cyclone  
  118  16:00  Fusion Core  
  118  16:02  Cyclone x2, Terran Vehicle Weapons Level 3  
  124  16:13  Cyclone  
  127  16:19  Cyclone  
  127  16:23  Cyclone  
  133  16:34  Cyclone  
  133  16:35  Hellion  
  133  16:37  Liberator x2  
  134  16:44  Sensor Tower  
  134  16:45  Siege Tank  
  137  16:52  Siege Tank  
  140  16:55  Hellion  
  140  16:56  Hellion  
  149  17:25  Cyclone x5  
  108  17:57  Cyclone x3  
  100  17:58  Hellion, Siege Tank  
  103  18:20  Siege Tank, Advanced Ballistics  
  103  18:29  Hellion, Cyclone x2  
  103  18:30  Siege Tank  
  114  18:40  Command Center  
  114  18:51  Hellion  
  114  18:52  Siege Tank  
  119  19:01  Hellion  
  121  19:04  Cyclone x2  
  127  19:12  Cyclone  
  127  19:14  Orbital Command  
  127  19:23  Cyclone  
  130  19:24  Cyclone  
  129  19:34  Orbital Command  
  129  19:36  Cyclone  
  135  19:38  Cyclone  
  135  19:44  Hellion  
  137  19:55  Hellion  
  139  20:00  Cyclone  
  139  20:03  SCV x3  
  142  20:15  SCV x3  
  119  20:27  SCV x3  
  122  20:30  Hellion, Cyclone x2  
  122  20:31  Hellion  
  132  20:39  SCV x2  
  135  20:50  Refinery  
  135  20:52  SCV  
  135  20:57  Hellion, Siege Tank  
  107  21:23  Siege Tank  
  107  21:24  Orbital Command, Hellion x3  
  81  21:29  Hellion  
  80  21:45  Hellion x2, Siege Tank  
  79  21:50  Hellion  
  81  21:57  Siege Tank  
  84  22:04  Command Center  
  84  22:08  Hellion x2  
  88  22:21  Barracks, Siege Tank  
  91  22:27  Missile Turret  
  91  22:31  Hellion  
  91  22:32  Hellion x2  
  93  22:47  Siege Tank  
  92  22:58  Hellion x2  
  92  23:00  Hellion, Siege Tank  
  97  23:20  Hellion  
  97  23:21  Siege Tank  
  97  23:38  Hellion x2, Siege Tank  
  84  23:44  Hellion  
  78  23:53  Hellion  
  74  23:59  Hellion, Siege Tank  
Show
View Real Time Build Order
Export as new Build Order

Musumeci Zerg - Winner!

Build Orders: Hatch First 

Get SALT Encoding   

  12  0:01  Drone  
  13  0:09  Drone  
  14  0:21  Drone, Extractor  
  15  0:42  Hatchery  
  14  0:46  Extractor  
  14  0:47  Drone  
  15  1:03  Spawning Pool  
  14  1:20  Extractor  
  14  1:21  Drone  
  14  1:25  Drone x2, Extractor x2  
  12  1:31  Overlord  
  17  1:50  Queen, Drone  
  20  1:54  Queen  
  20  1:58  Drone  
  23  2:01  Drone  
  23  2:04  Drone  
  25  2:14  Overlord  
  25  2:17  Drone  
  25  2:18  Extractor  
  25  2:20  Drone  
  27  2:26  Drone  
  27  2:44  Spore Crawler  
  26  2:51  Queen  
  26  2:52  Queen  
  26  2:56  Drone x2  
  32  3:20  Drone x4  
  36  3:32  Hatchery  
  35  3:48  Extractor  
  35  3:49  Roach Warren  
  35  3:53  Extractor  
  32  3:58  Drone x4  
  36  4:25  Overlord x4  
  36  4:37  Evolution Chamber  
  35  4:40  Evolution Chamber  
  35  4:44  Drone x6  
  40  4:46  Drone  
  41  4:58  Roach  
  41  4:59  Roach x2  
  46  5:01  Roach x4  
  46  5:42  Queen x2  
  50  5:44  Drone  
  50  5:45  Drone x10  
  59  5:53  Spore Crawler  
  59  5:54  Hatchery  
  59  5:55  Spore Crawler  
  51  6:09  Extractor  
  46  6:22  Drone x3  
  46  6:23  Drone x3  
  50  6:38  Drone x2  
  51  6:48  Lair  
  51  6:57  Spore Crawler x2  
  51  6:58  Ravager  
  51  6:59  Ravager x4  
  51  7:00  Spore Crawler  
  53  7:12  Drone x7  
  53  7:13  Drone x3, Extractor  
  57  7:58  Drone x4  
  57  7:59  Drone x11  
  71  8:09  Spore Crawler  
  71  8:12  Queen, Spore Crawler  
  71  8:13  Queen  
  73  8:21  Overlord  
  73  8:27  Drone  
  73  8:34  Glial Reconstitution  
  74  8:37  Zerg Ground Armor Level 1, Zerg Missile Weapons Level 1  
  74  8:40  Ravager  
  75  8:42  Roach x3  
  75  8:43  Overlord x4  
  81  9:02  Extractor x2, Overlord x2  
  79  9:03  Roach x6  
  79  9:04  Roach x5  
  79  9:08  Ravager x3  
  104  9:12  Overseer  
  104  9:28  Hydralisk Den  
  103  9:36  Drone x3  
  103  9:37  Drone x3  
  109  9:38  Drone x3  
  109  9:43  Roach x6  
  124  9:49  Hatchery  
  123  10:01  Hydralisk  
  123  10:02  Muscular Augments, Hydralisk  
  123  10:03  Spore Crawler  
  123  10:05  Spore Crawler  
  125  10:07  Spore Crawler  
  120  10:24  Queen  
  122  10:35  Zerg Missile Weapons Level 2, Zerg Ground Armor Level 2  
  122  10:37  Queen  
  121  10:59  Drone x6  
  121  11:00  Drone x2  
  121  11:01  Drone x5  
  121  11:02  Queen  
  136  11:12  Overlord x5  
  136  11:33  Hydralisk x4  
  136  11:35  Roach  
  136  11:36  Roach x6  
  136  11:38  Ravager  
  136  11:39  Ravager x7  
  166  11:48  Drone x2  
  166  11:50  Overlord x3  
  168  11:56  Infestation Pit  
  168  11:57  Ravager  
  168  12:02  Drone, Extractor  
  168  12:03  Extractor  
  167  12:12  Roach x5  
  167  12:14  Ravager  
  167  12:15  Ravager x5  
  177  12:50  Roach x3  
  176  12:51  Overlord  
  176  12:52  Overlord x4  
  151  13:09  Roach x15  
  151  13:10  Roach  
  143  13:14  Ravager  
  143  13:15  Hydralisk  
  144  13:21  Ravager x3  
  144  13:28  Roach  
  144  13:29  Roach x4  
  151  13:39  Roach x3  
  141  13:41  Queen  
  141  13:43  Drone x5  
  148  13:48  Ravager  
  148  13:49  Roach, Ravager x8  
  148  13:50  Roach x2  
  148  13:55  Extractor  
  135  14:12  Roach x9  
  142  14:26  Ravager x8  
  142  14:27  Hydralisk  
  142  14:28  Hydralisk  
  154  14:33  Roach x4  
  159  14:40  Hydralisk x2  
  163  14:55  Hive  
  160  15:00  Zergling x2  
  160  15:03  Roach x7  
  175  15:09  Hatchery, Extractor  
  175  15:12  Extractor  
  144  15:25  Roach x10  
  127  15:39  Roach x8  
  125  15:53  Drone x3  
  125  15:54  Drone  
  125  15:55  Drone  
  125  15:57  Drone  
  131  15:58  Ravager x4  
  131  15:59  Hatchery, Ravager  
  131  16:00  Ravager  
  136  16:10  Ravager x7  
  143  16:18  Zerg Missile Weapons Level 3  
  143  16:28  Extractor  
  143  16:32  Extractor  
  135  16:55  Roach x4  
  135  16:58  Zerg Ground Armor Level 3  
  143  17:01  Hydralisk  
  143  17:02  Hydralisk x8  
  157  17:25  Ravager x9  
  166  17:39  Drone x3  
  166  17:40  Drone x2  
  166  17:41  Drone  
  137  18:03  Roach x10  
  137  18:05  Ravager x4  
  160  18:10  Drone x6  
  153  18:39  Ravager x4  
  153  18:59  Ravager x6  
  149  19:32  Hydralisk  
  149  19:33  Hydralisk x7  
  149  19:36  Roach x11  
  187  19:47  Hydralisk x6  
  193  19:59  Ravager x10  
  163  20:23  Viper  
  163  20:24  Roach x4  
  173  20:33  Spine Crawler  
  173  20:34  Spine Crawler  
  171  20:35  Spine Crawler  
  171  20:36  Spine Crawler  
  169  20:43  Spine Crawler  
  169  20:44  Spine Crawler  
  169  20:47  Spine Crawler  
  169  20:48  Spine Crawler  
  154  21:23  Roach x8  
  146  21:43  Extractor  
  146  21:44  Hatchery  
  146  21:45  Ravager x2  
  146  21:46  Ravager x8  
  152  21:47  Drone x9  
  152  21:52  Viper x5  
  176  22:10  Evolution Chamber  
  176  22:11  Evolution Chamber  
  176  22:13  Drone x2, Evolution Chamber, Extractor  
  176  22:14  Drone  
  175  22:17  Evolution Chamber  
  158  22:45  Drone  
  158  22:46  Drone x5  
  158  22:50  Drone x5  
  161  23:09  Drone  
  161  23:10  Drone  
  161  23:12  Drone x6  
  114  23:58  Roach x3  
  114  23:59  Roach x16  
  135  24:21  Drone  
  135  24:22  Drone x9  
  141  24:32  Ravager x2  
Tags
 
Add a new tag
Caveats
  • Supply blocks, unpowered buildings, or Contaminate may cause inaccurate times.
  • Supply counts are checked every 10 seconds.